 Dungeon Crawl Stone Soup version 0.24-a0-422-g9eff3895ba (webtiles) character file.

Game seed: 10669766829657647404

19766 nikopol the Eclecticist (level 12, -2/62 HPs)
             Began as a Deep Elf Fire Elementalist on June 11, 2019.
             Was a Priest of Vehumet.
             Slain by a wyvern (9 damage)
             ... while petrified by a basilisk
             ... on level 3 of the Lair of Beasts on June 12, 2019.
             The game lasted 00:45:08 (14345 turns).

nikopol the Eclecticist (DEFE)                     Turns: 14345, Time: 00:45:08

Health: -2/62      AC:  5    Str:  5    XL:     12   Next: 39%
Magic:  23/33      EV:  2    Int: 26    God:    Vehumet [***...]
Gold:   583        SH:  0    Dex: 15    Spells: 24/41 levels left

rFire    + + .     SeeInvis .   B - staff of fire
rCold    . . .     Gourm    .   H - +1 buckler
rNeg     + + +     Faith    .   a - +0 robe
rPois    ∞         Spirit   .   A - +0 helmet
rElec    .         Reflect  .   z - +0 cloak
rCorr    +         Harm     .   (no gloves)
MR       +....                  r - +0 pair of boots
Stlth    +++.......             (no amulet)
HPRegen  0.20/turn              p - ring of resist corrosion
MPRegen  0.23/turn              G - ring of protection from fire

@: petrified
A: no striking features
a: Renounce Religion


You were on level 3 of the Lair of Beasts.
You worshipped Vehumet.
Vehumet was most pleased with you.
You were not hungry.

You visited 3 branches of the dungeon, and saw 14 of its levels.

You collected 583 gold pieces.

Inventory:

Hand Weapons
 j - a +1 dagger
Armour
 a - a +0 robe (worn)
 r - a +0 pair of boots (worn)
 z - a +0 cloak (worn)
 A - a +0 helmet (worn)
 H - a +1 buckler (worn)
Magical Staves
 B - an uncursed staff of fire (weapon)
Jewellery
 p - a ring of resist corrosion (left hand)
 G - a ring of protection from fire (right hand)
Wands
 s - a wand of flame (31)
 x - a wand of paralysis (13)
 K - a wand of polymorph (8)
 L - a wand of disintegration (13)
 M - a wand of acid (7)
Scrolls
 e - 6 scrolls of amnesia
 f - a scroll of enchant weapon
 k - 3 scrolls of enchant armour
 o - 4 scrolls of remove curse
 q - 3 scrolls of magic mapping
 u - 3 scrolls of identify
 v - a scroll of noise {unknown}
 y - a scroll of random uselessness {unknown}
 E - a scroll of teleportation {unknown}
 J - a scroll of fog {unknown}
 N - a scroll of immolation {unknown}
Potions
 b - a potion of brilliance {unknown}
 d - 3 potions of might
 g - 7 potions of curing
 h - 3 potions of ambrosia
 i - a potion of mutation {unknown}
 l - 3 potions of agility
 m - 3 potions of lignification
 n - 3 potions of heal wounds
 C - a potion of invisibility {unknown}
 D - 2 potions of berserk rage
 F - a potion of cancellation {unknown}
 I - a potion of magic {unknown}
 O - a potion of flight
Comestibles
 c - 24 rations


   Skills:
 + Level 2.0 Fighting
 + Level 5.9 Dodging
 + Level 5.1 Stealth
 * Level 3.9 Shields
 + Level 15.2 Spellcasting
 + Level 10.9 Conjurations
 + Level 12.2 Fire Magic


You had 24 spell levels left.
You knew the following spells:

 Your Spells              Type           Power        Failure   Level  Hunger
a - Flame Tongue          Conj/Fire      #####        0%          1    None
b - Throw Flame           Conj/Fire      ######       1%          2    None
c - Conjure Flame         Conj/Fire      #######.     1%          3    None
d - Sticky Flame          Conj/Fire      #######.     1%          4    None
e - Fireball              Conj/Fire      #######...   1%          5    #......
k - Blink                 Tloc           N/A          4%          2    None

Your spell library contained the following spells:

 Spells                   Type           Power        Failure   Level  Hunger
 Throw Icicle             Conj/Ice       #####...     1%          4    None
 Magic Dart               Conj           ####         1%          1    None
 Inner Flame              Hex/Fire       ######..     1%          3    None
 Mephitic Cloud           Conj/Pois/Air  #####...     1%          3    None
 Call Imp                 Summ           ###.....     4%          2    None
 Slow                     Hex            ###.....     4%          2    None


Dungeon Overview and Level Annotations

Branches:
Dungeon (10/15)            Temple (1/1) D:6            Lair (3/6) D:8
 Shoals (0/4) Lair:3          Orc (0/2) D:9
  Snake: Lair:2-4    Spider: Lair:2-4

Altars:
Dithmenos
Fedhas
Gozag
Hepliaklqana
Makhleb
Nemelex Xobeh
Okawaru
Qazlal
Sif Muna
Uskayaw
Vehumet
Wu Jian
Xom
Zin
The Shining One

Shops:
D:5 (   D:8 (

Annotations:
D:6 1 runed translucent door, KristoblXynda's ghost, novice DECj
D:9 1 runed translucent door, Inarius's ghost, novice DEFE
Lair:1 exclusion: obsidian statue


Message History

The wyvern bites you. x2
The wyvern bites you but does no damage.
The wyvern bites you! The basilisk bites you! The ice encasing you melts away.
The wyvern bites you! The basilisk gazes at you.
You easily resist.
The wyvern bites you!! The wyvern bites you!
* * * LOW HITPOINT WARNING * * *
The basilisk gazes at you. The wyvern completely misses you.
A killer bee comes into view.
The basilisk gazes at you.
You easily resist.
The wyvern bites you!!
* * * LOW HITPOINT WARNING * * *
The wyvern bites you.
* * * LOW HITPOINT WARNING * * *
The basilisk bites you but does no damage.
The wyvern bites you!!
You die...

..##..[.##...#...l.# ..#
..###### #..#.#...###.##
..####.###..#.#....#...#
.............#...#...#
............#.#.###.##
.............#...#...#
............#.#....#...#
............#.#k#l###.##
..##...####..#..@l.# ..#
#...#.## #.###......#††.
##..... #.# #..##.###k##
# ..... ...# ..# .. #
... .#... #... .. #
#.#... #.## # . .#.. ..
# .. ###..


You could see a basilisk, a rime drake and a wyvern.

Vanquished Creatures
  Harold (D:9)
  Erolcha (D:9)
  2 hydras (Lair:1)
  Erica (D:8)
  A queen ant (D:9)
  Nergalle (Lair:2)
  A necromancer (Lair:2)
  3 merfolk sirens (Lair:3)
  3 spiny frogs
  A komodo dragon (Lair:2)
  A rime drake (Lair:2)
  A merfolk (Lair:3)
  A troll (D:9)
  5 blink frogs (Lair:3)
  4 hippogriffs
  4 hogs (D:7)
  11 yaks
  2 basilisks
  Grum (D:9)
  A steam dragon (Lair:2)
  A human (D:7)
  7 soldier ants (D:9)
  Edmund (D:5)
  Duvessa (D:7)
  5 water moccasins
  4 porcupines
  4 orc warriors
  4 ice beasts
  A black bear (D:7)
  A sky beast (D:5)
  A necrophage (D:7)
  4 ogres
  A phantom (D:5)
  7 wolves
  A centaur (D:5)
  2 crocodiles
  A big kobold (D:8)
  A bullfrog (D:6)
  Dowan (D:7)
  3 scorpions
  16 killer bees (Lair:3)
  3 wights (D:6)
  4 howler monkeys
  2 electric eels
  2 bullfrog zombies
  5 hounds
  3 jellies
  A centaur skeleton (D:7)
  2 orc priests
  2 iguanas
  29 worker ants
  5 yak simulacra (Lair:2)
  7 orc wizards
  3 polar bear simulacra (Lair:2)
  2 hound zombies
  2 hound skeletons
  7 gnolls
  8 adders
  3 shadow imps
  An ooze (D:4)
  2 adder zombies
  6 worms
  2 leopard geckos
  34 orcs
  5 giant cockroaches
  11 goblins
  6 hobgoblins
  19 jackals
  8 kobolds
  2 quokkas
  2 ball pythons
  8 bats
  7 frilled lizards
  A leopard gecko zombie (D:6)
  5 rats
  3 river rat simulacra (Lair:2)
325 creatures vanquished.

Vanquished Creatures (others)
  A fungus (Lair:1)
  A plant (Lair:3)
2 creatures vanquished.

Grand Total: 327 creatures vanquished

Notes
Turn   | Place    | Note
-------+----------+-------------------------------------------
     0 | D:1      | nikopol the Deep Elf Fire Elementalist began the quest for
                  | the Orb.
     0 | D:1      | Reached XP level 1. HP: 10/10 MP: 6/6
   104 | D:1      | Reached XP level 2. HP: 15/15 MP: 6/8
   714 | D:1      | Reached XP level 3. HP: 19/19 MP: 4/9
   820 | D:2      | Learned a level 2 spell: Throw Flame
   824 | D:2      | Learned a level 3 spell: Conjure Flame
   996 | D:2      | Reached XP level 4. HP: 24/24 MP: 8/11
  1626 | D:3      | Found a shimmering altar of Xom.
  1626 | D:3      | Found a shimmering altar of Xom.
  1628 | D:3      | Found a shimmering altar of Xom.
  1681 | D:3      | Reached skill level 4 in Spellcasting
  2071 | D:3      | Found a shimmering altar of Xom.
  2071 | D:3      | Found a shimmering altar of Xom.
  2073 | D:3      | Found a shimmering altar of Xom.
  2158 | D:3      | Learned a level 4 spell: Sticky Flame
  2289 | D:3      | Reached XP level 5. HP: 28/28 MP: 10/13
  2876 | D:4      | Noticed an ogre
  2908 | D:4      | Killed an ogre
  2908 | D:4      | Reached skill level 5 in Spellcasting
  2908 | D:4      | Reached skill level 5 in Fire Magic
  2908 | D:4      | Reached XP level 6. HP: 32/32 MP: 5/15
  2915 | D:4      | Learned a level 5 spell: Fireball
  3308 | D:4      | Reached skill level 6 in Spellcasting
  3967 | D:5      | Entered Level 5 of the Dungeon
  3986 | D:5      | Noticed an ice beast
  3997 | D:5      | Killed an ice beast
  3997 | D:5      | Reached XP level 7. HP: 37/37 MP: 10/18
  4092 | D:5      | Noticed Edmund
  4210 | D:5      | Found Vepopsid's Antique Weapon Shoppe.
  4215 | D:5      | Reached skill level 7 in Spellcasting
  4483 | D:5      | Found a glowing silver altar of Zin.
  4486 | D:5      | Found a burning altar of Makhleb.
  4488 | D:5      | Found a shadowy altar of Dithmenos.
  4489 | D:5      | Found a blossoming altar of Fedhas.
  4553 | D:5      | Reached XP level 8. HP: 42/42 MP: 9/21
  4789 | D:5      | Killed Edmund
  4913 | D:5      | Reached skill level 5 in Conjurations
  5202 | D:6      | Reached skill level 8 in Spellcasting
  5695 | D:6      | Found a shadowy altar of Dithmenos.
  5723 | D:6      | Found a staircase to the Ecumenical Temple.
  5737 | D:6      | Upgraded the game from 0.24-a0-420-g24607be9ce to
                  | 0.24-a0-422-g9eff3895ba
  5748 | Temple   | Entered the Ecumenical Temple
  5771 | Temple   | Became a worshipper of Vehumet
  5789 | D:6      | Reached skill level 9 in Spellcasting
  6206 | D:6      | Found a runed translucent door.
  6206 | D:6      | Noticed KristoblXynda's ghost (novice DECj)
  6239 | D:7      | Reached XP level 9. HP: 46/46 MP: 10/24
  6362 | D:7      | Noticed Dowan
  6368 | D:7      | Noticed Duvessa
  6376 | D:7      | Killed Dowan
  6407 | D:7      | Killed Duvessa
  6639 | D:7      | Reached skill level 10 in Spellcasting
  6658 | D:7      | Reached * piety under Vehumet
  6658 | D:7      | Offered knowledge of Sandblast by Vehumet.
  7042 | D:7      | Found a blossoming altar of Fedhas.
  7306 | D:7      | Reached skill level 11 in Spellcasting
  7563 | D:8      | Reached skill level 1 in Fighting
  7597 | D:8      | Reached XP level 10. HP: 38/52 MP: 18/27
  7597 | D:8      | Noticed Erica
  7998 | D:8      | Killed Erica
  8144 | D:8      | Found a staircase to the Lair.
  8191 | D:8      | Found Aleruont's Weapon Boutique.
  8586 | D:9      | Reached skill level 12 in Spellcasting
  8630 | D:9      | Reached skill level 10 in Fire Magic
  8791 | D:9      | Found a runed translucent door.
  8792 | D:9      | Noticed Inarius's ghost (novice DEFE)
  8827 | D:9      | Noticed Grum
  8835 | D:9      | Killed Grum
  9028 | D:9      | Noticed Harold
  9032 | D:9      | Killed Harold
  9032 | D:9      | Reached skill level 5 in Dodging
  9260 | D:9      | Offered knowledge of Throw Frost by Vehumet.
  9289 | D:9      | Reached skill level 13 in Spellcasting
  9307 | D:9      | Found a staircase to the Orcish Mines.
  9335 | D:9      | Noticed Erolcha
  9337 | D:9      | Killed Erolcha
  9337 | D:9      | Reached ** piety under Vehumet
  9337 | D:9      | Reached XP level 11. HP: 41/56 MP: 20/30
  9984 | D:9      | Noticed a queen ant
 10340 | D:9      | Killed a queen ant
 10717 | D:10     | Entered Level 10 of the Dungeon
 10717 | D:10     | Noticed a two-headed ogre
 10768 | Lair:1   | Entered Level 1 of the Lair of Beasts
 11050 | Lair:1   | Offered knowledge of Mephitic Cloud by Vehumet.
 11442 | Lair:1   | Noticed a four-headed hydra
 11448 | Lair:1   | Killed a four-headed hydra
 11448 | Lair:1   | Reached skill level 1 in Shields
 11448 | Lair:1   | Reached skill level 14 in Spellcasting
 11448 | Lair:1   | Reached skill level 10 in Conjurations
 11516 | Lair:1   | Noticed a seven-headed hydra
 11589 | Lair:1   | Killed a seven-headed hydra
 12190 | Lair:2   | Noticed a necromancer
 12192 | Lair:2   | Killed a necromancer
 12236 | Lair:2   | Reached *** piety under Vehumet
 12362 | Lair:2   | Reached skill level 5 in Stealth
 12381 | Lair:2   | Learned a level 2 spell: Blink
 12509 | Lair:2   | Noticed Nergalle
 12514 | Lair:2   | Killed Nergalle
 12514 | Lair:2   | Reached XP level 12. HP: 61/61 MP: 1/32
 13767 | Lair:3   | Offered knowledge of Throw Icicle by Vehumet.
 13773 | Lair:3   | Reached skill level 15 in Spellcasting
 14203 | Lair:3   | Found a staircase to the Shoals.
 14345 | Lair:3   | Slain by a wyvern

Levels and vault maps discovered:
D:1:      scummos_arrival_checkerplants, layout_loops_ring
D:2:      layout_rooms
D:3:      layout_loops_corners, xom_redecorated
D:4:      layout_loops_ring, first_ration
D:5:      layout_loops_ring, grunt_temple_overflow_open, serial_shops, shop,
          uniq_edmund
D:6:      layout_rooms, minmay_temple_entry_arrows,
          ebering_ghost_reflecting_pool, grunt_dithmenos_smoke_and_mirrors
D:7:      layout_basic, basic_altar, grunt_livestock,
          kennysheep_generic_room_13, uniq_duvessa
D:8:      layout_cave_pools, lair_entry_dummy, serial_shops, shop,
          serial_bayou_lake_a, uniq_erica
D:9:      layout_loops_corners, orc_0_dummy, ebering_ghost_reflecting_pool,
          zaba_antful_of_joy, uniq_harold, uniq_grum, uniq_erolcha
D:10:     layout_irregular_city
Temple:   hc_temple_tempest_star
Lair:1:   statuecave_lemuel, layout_chaotic_city, minivault_19, st_stairs_6
Lair:2:   layout_regular_city, eino_house_with_fridge, uniq_nergalle
Lair:3:   hangedman_what_comes_after_a, layout_regular_city,
          elwin_shoals_entry_stream, spider_nest_entry_webs, minivault_27

Skill      XL: |  1  2  3  4  5  6  7  8  9 10 11 12 |
---------------+-------------------------------------+-----
Fire Magic     | 4 5 6 8 9 10 11 12 | 12.2
Stealth        | 3 4 5 |  5.1
Spellcasting   | 4 5 6 7 9 11 13 14 15 | 15.2
Conjurations   | 2 3 4 5 7 9 10 | 10.9
Dodging        | 3 4 5 |  5.9
Fighting       | 1 2 |  2.0
Shields        | 2 3 |  3.9

Action                   |  1- 3 |  4- 6 |  7- 9 | 10-12 || total
-------------------------+-------+-------+-------+-------++-------
Melee: Dagger            |       |       |     2 |       ||     2
 Cast: Flame Tongue      |    46 |   138 |   173 |   167 ||   524
       Throw Flame       |     4 |     5 |    15 |    32 ||    56
       Conjure Flame     |     1 |     2 |     7 |     9 ||    19
       Sticky Flame      |       |     4 |    31 |    32 ||    67
       Fireball          |       |       |    10 |    92 ||   102
  Use: Scroll            |       |     6 |       |    10 ||    16
       Potion            |       |       |       |     3 ||     3
  Eat: Chunk             |       |     8 |    12 |    13 ||    33
       Ration            |       |     1 |       |     4 ||     5
Armor: Robe              |     4 |     8 |     9 |     8 ||    29
Dodge: Dodged            |    15 |    35 |    40 |    54 ||   144
Block: Buckler           |       |       |       |    12 ||    12

Table legend:
 A = Non-vault XP
 B = Vault XP
 C = Vault XP percentage of total XP
 D = Non-vault monster count
 E = Vault monster count
 F = Vault count percentage of total count
                 A         B        C        D         E       F
            +---------+---------+-------+---------+---------+-------
      Total |   15212 |   13026 |  46.1 |     242 |      83 |  25.5
            +---------+---------+-------+---------+---------+-------
        D:1 |      42 |       0 |   0.0 |      24 |       0 |   0.0
        D:2 |      83 |       0 |   0.0 |      17 |       0 |   0.0
        D:3 |      75 |       0 |   0.0 |      22 |       0 |   0.0
        D:4 |     496 |       0 |   0.0 |      31 |       0 |   0.0
        D:5 |     965 |     158 |  14.1 |      26 |       1 |   3.7
        D:6 |     829 |       0 |   0.0 |      30 |       0 |   0.0
        D:7 |     952 |    1466 |  60.6 |      25 |       8 |  24.2
        D:8 |    1213 |     907 |  42.8 |      18 |       1 |   5.3
        D:9 |    1935 |    5313 |  73.3 |      16 |      35 |  68.6
     Lair:1 |    3903 |     299 |   7.1 |      12 |       2 |  14.3
     Lair:2 |    2239 |    1641 |  42.3 |      10 |      13 |  56.5
     Lair:3 |    2480 |    3242 |  56.7 |      11 |      23 |  67.6
            +---------+---------+-------+---------+---------+-------
